 Dungeon Crawl Stone Soup version 0.29-a0-330-g52719c12eb (webtiles) character file.

Game seed: 14573566698525940996

3940 Ajdolov the Carver (level 10, -10/84 HPs)
             Began as a Merfolk Monk on Apr 19, 2022.
             Was a Follower of Wu Jian.
             Mangled by a two-headed ogre
             ... wielding a +2 dire flail of holy wrath
              (11 damage)
             ... on level 8 of the Dungeon.
             The game lasted 00:16:52 (8446 turns).

Ajdolov the Carver (Merfolk Monk)                   Turns: 8446, Time: 00:16:52

Health: -10/84     AC:  8    Str: 11    XL:     10   Next: 21%
Magic:  10/10      EV: 13    Int: 10    God:    Wu Jian [*.....]
Gold:   594        SH:  0    Dex: 21    Spells: 9/9 levels left

rFire   . . .      SeeInvis .   a - +0 falchion
rCold   . . .      Faith    .   (no shield)
rNeg    . . .      Spirit   .   b - +0 scale mail
rPois   +          Reflect  .   (no helmet)
rElec   .          Harm     .   C - +0 cloak
rCorr   +          Rampage  .   (no gloves)
Will    .....                   y - +0 pair of boots
Stlth   +.........              w - amulet of regeneration
HPRegen 1.04/turn               i - ring of resist corrosion
MPRegen 0.12/turn               u - ring of poison resistance

@: no status effects
A: (nimble swimmer 2), mertail
a: Renounce Religion


You were on level 8 of the Dungeon.
You worshipped Wu Jian.
Wu Jian was aware of your devotion.
You visited 2 branches of the dungeon, and saw 9 of its levels.
You also visited: Ossuary.

You collected 594 gold pieces.

Inventory:

Hand Weapons
 a - a +0 falchion (weapon)
Missiles
 B - 2 throwing nets (quivered)
 K - a curare-tipped dart
Armour
 b - a +0 scale mail (worn)
 y - a +0 pair of boots (worn)
 C - a +0 cloak (worn)
Jewellery
 i - a ring of resist corrosion (left hand)
 u - a ring of poison resistance (right hand)
 w - an amulet of regeneration (around neck)
 L - a ring of flight
Wands
 F - a wand of flame (21)
 G - a wand of mindburst (6)
 J - a wand of acid (21)
Scrolls
 d - 4 scrolls of fear {unknown}
 e - 4 scrolls of enchant armour {unknown}
 f - 4 scrolls of enchant weapon {unknown}
 g - a scroll of vulnerability {unknown}
 h - 9 scrolls of identify {unknown}
 j - a scroll of summoning {unknown}
 m - 2 scrolls of teleportation {unknown}
 p - 2 scrolls of fog {unknown}
 r - 4 scrolls of noise {unknown}
 z - 3 scrolls of immolation {unknown}
 A - 2 scrolls of magic mapping {unknown}
 D - 2 scrolls of blinking {unknown}
 E - a scroll of torment {unknown}
 H - 2 scrolls of amnesia {unknown}
Potions
 c - 10 potions of curing
 k - a potion of flight {unknown}
 l - a potion of berserk rage {unknown}
 n - 2 potions of magic {unknown}
 o - 2 potions of brilliance {unknown}
 q - 4 potions of heal wounds {unknown}
 s - 3 potions of might {unknown}
 t - 3 potions of haste {unknown}
 v - 2 potions of lignification {unknown}
 x - 6 potions of attraction {unknown}
 I - a potion of mutation {unknown}


   Skills:
 + Level 9.7 Fighting
 - Level 12.7 Long Blades
 * Level 8.5 Dodging
 - Level 2.1 Stealth


You had 9 spell levels left.
You didn't know any spells.
Your spell library contained the following spells:

 Spells                   Type           Power      Damage    Failure   Level
 Ensorcelled Hibernation  Hex/Ice        0%         N/A       98%         2
 Spider Form              Tmut/Pois      0%         N/A       100%        3
 Tukima's Dance           Hex            0%         N/A       100%        3
 Anguish                  Hex/Necr       0%         N/A       100%        4
 Passage of Golubria      Tloc           0%         N/A       100%        4
 Yara's Violent Unravell  Hex/Tmut       0%         3d3       100%        5


Dungeon Overview and Level Annotations

Branches:
Dungeon (8/15)             Temple (1/1) D:7         Ossuary (visited)
   Lair: D:8-11

Altars:
Ashenzari
Dithmenos
Elyvilon
Fedhas
Gozag
Hepliaklqana
Nemelex Xobeh
Okawaru
Qazlal
Sif Muna
Trog
Uskayaw
Vehumet
Wu Jian
Xom
Yredelemnul
Zin
The Shining One

Annotations:
D:5 2 transporters, jt's ghost, weakling VSDe


Innate Abilities, Weirdness & Mutations

((You are very nimble when in or above water. (Stealth+, EV+, Speed+++)))
Your lower body shifts to a powerful aquatic tail in water.


Message History

The two-headed ogre hits you with a +0 giant spiked club!!
Okay, then.
Unknown command.
Aiming: Mindburst
Press: ? - help, Shift-Dir - straight line, f - two-headed ogre
Aim: a two-headed ogre, wielding a +2 dire flail of holy wrath and a +0 giant spiked club (lightly wounded, chance to affect: 47%)
The two-headed ogre's minds are blasted!
Unknown command.
Aiming: Mindburst
Press: ? - help, Shift-Dir - straight line, f/p - two-headed ogre
Aim: a two-headed ogre, wielding a +2 dire flail of holy wrath and a +0 giant spiked club (moderately wounded, chance to affect: 47%)
The two-headed ogre resists with some effort.
The two-headed ogre hits you with a +2 dire flail of holy wrath!
The two-headed ogre barely misses you.
Aiming: Mindburst
Press: ? - help, Shift-Dir - straight line, f/p - two-headed ogre
Aim: a two-headed ogre, wielding a +2 dire flail of holy wrath and a +0 giant spiked club (moderately wounded, chance to affect: 47%)
The two-headed ogre's minds are blasted!
The two-headed ogre hits you with a +2 dire flail of holy wrath!
The two-headed ogre hits you with a +0 giant spiked club!!
* * * LOW HITPOINT WARNING * * *
Aiming: Mindburst
Press: ? - help, Shift-Dir - straight line, f/p - two-headed ogre
Aim: a two-headed ogre, wielding a +2 dire flail of holy wrath and a +0 giant spiked club (heavily wounded, chance to affect: 47%)
The two-headed ogre's minds are blasted!
Unknown command.
Aiming: Mindburst
Press: ? - help, Shift-Dir - straight line, f/p - two-headed ogre
Aim: a two-headed ogre, wielding a +2 dire flail of holy wrath and a +0 giant spiked club (severely wounded, chance to affect: 47%)
The two-headed ogre resists with some effort.
The two-headed ogre closely misses you.
The two-headed ogre completely misses you.
Aiming: Mindburst
Press: ? - help, Shift-Dir - straight line, f/p - two-headed ogre
Aim: a two-headed ogre, wielding a +2 dire flail of holy wrath and a +0 giant spiked club (severely wounded, chance to affect: 47%)
The two-headed ogre resists with some effort.
The two-headed ogre hits you with a +2 dire flail of holy wrath!
* * * LOW HITPOINT WARNING * * *
The two-headed ogre hits you with a +0 giant spiked club!
You die...

## .# ## .# .. .#
.#################.#
.#..............@O.#
.#.##...######################
..............................
.(..................##.#######
.#<#....##..........##.#
.###....##..........##.#
........###.##########.#
#####...# #..##........#
########'##........#


You could see a two-headed ogre.

Vanquished Creatures
  Pikel (D:5)
  A hornet (D:8)
  A steam dragon (D:8)
  Duvessa (D:6)
  2 black bears
  2 ogres
  2 centaurs
  2 phantoms
  4 lemures
  5 kobold brigands
  5 necrophages (D:5)
  2 bullfrogs
  Blork the orc (D:6)
  5 scorpions
  5 wights (D:7)
  Dowan (D:6)
  A water moccasin zombie (D:5)
  A bullfrog zombie (D:5)
  2 jellies
  An orc priest (D:5)
  3 hounds
  A gnoll shaman (D:5)
  Crazy Yiuf (D:4)
  A scorpion zombie (D:5)
  An iguana (D:6)
  3 orc wizards
  A hound zombie (D:5)
  9 mummies
  Robin (D:4)
  12 gnolls
  11 adders
  3 worms
  A dart slug (D:3)
  20 orcs
  7 bats
  7 endoplasms
  14 giant cockroaches
  A gnoll zombie (Ossuary)
  14 goblins
  12 hobgoblins
  10 quokkas
  5 ball pythons
  2 frilled lizards
  2 hobgoblin zombies (Ossuary)
  31 kobolds
  2 kobold zombies (Ossuary)
  3 orc zombies (Ossuary)
  A rat (D:1)
  A bush (D:5)
225 creatures vanquished.

Vanquished Creatures (others)
  12 plants (D:5)
12 creatures vanquished.

Grand Total: 237 creatures vanquished

Notes
Turn   | Place    | Note
-------+----------+-------------------------------------------
     0 | D:1      | Ajdolov the Merfolk Monk began the quest for the Orb.
     0 | D:1      | Reached XP level 1. HP: 18/18 MP: 1/1
   262 | D:1      | Reached skill level 4 in Long Blades
   264 | D:1      | Reached XP level 2. HP: 22/24 MP: 2/2
  1282 | D:1      | Reached XP level 3. HP: 30/30 MP: 3/3
  1455 | D:1      | Reached skill level 5 in Long Blades
  1455 | D:1      | Reached XP level 4. HP: 9/37 MP: 4/4
  2411 | D:2      | Reached XP level 5. HP: 43/43 MP: 5/5
  2557 | D:2      | Reached skill level 6 in Long Blades
  3463 | D:3      | Found a faded altar of an unknown god.
  3523 | D:3      | Reached XP level 6. HP: 29/50 MP: 6/6
  3567 | D:3      | Reached skill level 7 in Long Blades
  3779 | D:4      | Reached skill level 5 in Fighting
  3868 | D:4      | Found a runed translucent door.
  3869 | D:4      | Noticed Crazy Yiuf
  3973 | D:4      | Identified the +0 helmet "Vebboc" {rPois rC+ Dex+3 Slay-6}
  3973 | D:4      | Noticed Robin
  4021 | D:4      | Killed Robin
  4056 | D:4      | Noticed a black bear
  4082 | D:4      | Killed a black bear
  4083 | D:4      | Reached skill level 8 in Long Blades
  4083 | D:4      | Reached XP level 7. HP: 17/56 MP: 7/7
  4376 | D:4      | Killed Crazy Yiuf
  4483 | D:5      | Entered Level 5 of the Dungeon
  4518 | D:5      | Found a transporter.
  4523 | D:5      | Found a transporter.
  4523 | D:5      | Noticed jt's ghost (weakling VSDe)
  4671 | D:5      | Found a stormy altar of Qazlal.
  4676 | D:5      | Noticed a water elemental
  4684 | D:5      | Noticed a fire elemental
  4688 | D:5      | Noticed an air elemental
  4706 | D:5      | Reached skill level 9 in Long Blades
  4741 | D:5      | Reached XP level 8. HP: 59/65 MP: 8/8
  4963 | D:5      | Found a blossoming altar of Fedhas.
  5013 | D:5      | Reached skill level 10 in Long Blades
  5097 | D:5      | Reached skill level 11 in Long Blades
  5413 | D:5      | Reached XP level 9. HP: 68/73 MP: 9/9
  5430 | D:6      | Noticed Duvessa
  5484 | D:6      | Killed Duvessa
  5514 | D:6      | Noticed Pikel
  5554 | D:5      | Killed Pikel
  5555 | D:5      | Reached skill level 12 in Long Blades
  5681 | D:6      | Noticed Blork the orc
  5704 | D:6      | Killed Blork the orc
  5737 | D:6      | Noticed Dowan
  5745 | D:6      | Killed Dowan
  6155 | D:6      | Found a broken altar of Ashenzari.
  6916 | D:7      | Reached skill level 5 in Dodging
  7071 | D:7      | Found a sand-covered staircase.
  7084 | Ossuary  | Entered an ossuary
  7438 | D:7      | Found a glowing silver altar of Zin.
  7503 | D:7      | Reached XP level 10. HP: 70/80 MP: 10/10
  7796 | D:7      | Found a staircase to the Ecumenical Temple.
  7862 | Temple   | Entered the Ecumenical Temple
  7895 | Temple   | Became a worshipper of the Wu Jian Council
  7895 | Temple   | Reached * piety under Wu Jian
  7895 | Temple   | Reached ** piety under Wu Jian
  7932 | D:7      | Found a shimmering blue altar of Sif Muna.
  8026 | D:7      | Found a basalt altar of Yredelemnul.
  8031 | D:7      | Found an opulent altar of Gozag.
  8098 | D:8      | Found a hide-covered altar of Uskayaw.
  8172 | D:8      | Paralysed by a hornet for 3 turns
  8437 | D:8      | Noticed a two-headed ogre
  8446 | D:8      | HP: 1/84 [two-headed ogre/+2 dire flail of holy wrath (12)]
  8446 | D:8      | Mangled by a two-headed ogre

Illustrated notes

Levels and vault maps discovered:
D:1:      sevenhm_arrival_forest_fort_small_6, layout_basic
D:2:      minmay_roachtagon, layout_rooms, minmay_misc_feat_enclosed,
          minmay_misc_feat_diagonals, minmay_goblin_kobold_house
D:3:      layout_basic, hellmonk_ecumenical_altar_inner_sanctum,
          nicolae_elevator_lobby_asterisk
D:4:      layout_rooms, uniq_crazy_yiuf_cottage, uniq_robin
D:5:      layout_rooms, nicolae_qazlal_style_of_elements,
          fedhas_altar_decomposition, gammafunk_ghost_hive
D:6:      nicolae_BIG_FREAKIN_CUBE, layout_layer_cave,
          mainiacjoe_overflow_paths, bh_walls_and_bars, uniq_blork_the_orc,
          uniq_pikel, uniq_duvessa
D:7:      layout_basic, mainiacjoe_overflow_brackets,
          mainiacjoe_overflow_alcove_1, mainiacjoe_overflow_big_doors,
          minmay_temple_entry_mist, gup_ossuary_entry_pyramid,
          minmay_door_square
D:8:      layout_basic, mainiacjoe_overflow_surrounded_room
Temple:   eino_temple_lava

Skill      XL: |  1  2  3  4  5  6  7  8  9 10 |
---------------+-------------------------------+-----
Long Blades    | 4 5 6 8 9 11 12 | 12.7
Fighting       | 4 5 6 7 9 |  9.7
Dodging        | 7 8 |  8.5
Stealth        | |  2.1

Action                   |  1- 3 |  4- 6 |  7- 9 | 10-12 || total
-------------------------+-------+-------+-------+-------++-------
Melee: Falchion          |    62 |   336 |   594 |    67 ||  1059
       Punch             |       |     3 |    11 |       ||    14
Invok: Lunge             |       |       |       |     3 ||     3
       Whirlwind         |       |       |       |     2 ||     2
Evoke: Wand              |       |       |     7 |     6 ||    13
  Use: Potion            |     1 |       |       |       ||     1
 Stab: Sleeping          |     6 |       |       |       ||     6
Armor: Robe              |     4 |       |       |       ||     4
       Leather armour    |     4 |       |       |       ||     4
       Scale mail        |       |   164 |   181 |    24 ||   369
Dodge: Dodged            |    35 |   183 |   242 |    38 ||   498

Table legend: (Time is in decaauts)
 A = Elapsed time spent in this place.
 B = Non-inter-level travel time spent in this place.
 C = Inter-level travel time spent in this place.
 D = Time resting spent in this place.
 E = Time spent auto-exploring this place.
 F = Levels seen in this place.
 G = Mean time per level.
                   A        B        C        D        E       F      G
               +--------+--------+--------+--------+--------+-----+--------+
         Total |   8278 |   8057 |    221 |    902 |   4998 |  10 |  827.8 |
       Dungeon |   8007 |   7794 |    213 |    902 |   4860 |   8 | 1000.9 |
        Temple |     42 |     34 |      8 |      0 |     12 |   1 |   42.0 |
       Ossuary |    228 |    228 |      0 |      0 |    126 |   1 |  228.0 |
               +--------+--------+--------+--------+--------+-----+--------+

Top non-repeatable levels by time:
     D:1: 1908 daAuts
     D:6: 1319 daAuts
     D:2: 1164 daAuts
     D:5: 941 daAuts
     D:7: 843 daAuts
     D:4: 774 daAuts
     D:3: 692 daAuts
     D:8: 362 daAuts
 Ossuary: 228 daAuts
  Temple: 42 daAuts
